 Dungeon Crawl Stone Soup version 0.16.1-11-g651b585 (webtiles) character file.

10141 Fluffy the Geomancer (level 11, -1/62 HPs)
             Began as a Gargoyle Earth Elementalist on Mar 29, 2015.
             Was an Initiate of Ashenzari.
             Slain by a six-headed hydra (6 damage)
             ... on level 11 of the Dungeon on Mar 30, 2015.
             The game lasted 01:25:42 (16506 turns).

Fluffy the Geomancer (Gargoyle Earth Elementalist) Turns: 16506, Time: 01:25:44

Health: -1/62      AC: 19    Str: 13    XL:     11   Next: 57%
Magic:  11/22      EV: 10    Int: 20    God:    Ashenzari [......]
Gold:   562        SH:  4    Dex: 10    Spells: 4 memorised, 5 levels left

rFire  . . .     SeeInvis .     c - +3 morningstar
rCold  . . .     Clarity  .     g - +0 ring mail
rNeg   + + .     SustAb   .     y - +1 buckler "Rikosku" {rN+} (curse)
rPois  ∞         Gourm    .     p - +1 helmet
rElec  +         Spirit   .     l - +0 cloak
rCorr  .         Warding  .     t - +0 pair of gloves
rMut   .         Stasis   .     k - +0 pair of boots (curse)
MR     .....                    (no amulet)
Stlth  +.........               (no ring)
                                (no ring)

@: very slightly contaminated, not resistant to hostile enchantments, very
unstealthy
A: negative energy resistance 1, electricity resistance, spit poison 1, strong
1, unbreathing, petrification resistance, rot immunity, AC +7
a: Spit Poison, Renounce Religion


You were on level 11 of the Dungeon.
You worshipped Ashenzari.
Ashenzari was noncommittal.
You were not hungry.

You visited 2 branches of the dungeon, and saw 12 of its levels.

You collected 562 gold pieces.

Inventory:

Hand weapons
 c - a +3 morningstar (weapon)
Missiles
 b - 395 stones (quivered)
Armour
 g - a +0 ring mail (worn)
 k - a cursed +0 pair of boots (worn)
 l - a +0 cloak (worn)
 p - a +1 helmet (worn)
 t - a +0 pair of gloves (worn)
 y - the cursed +1 buckler "Rikosku" (worn) {rN+}
   (You acquired it on level 11 of the Dungeon)

   It protects you from negative energy.
   It has a curse placed upon it.
Scrolls
 h - 9 scrolls of teleportation
 r - 3 scrolls of recharging
 s - 2 scrolls of remove curse
 w - 2 scrolls of fear
Potions
 f - a potion of brilliance
 m - a potion of cancellation
 u - 7 potions of curing
 v - 2 potions of might
 x - 2 potions of ambrosia {unknown}
 D - 2 potions of agility
Books
 d - a book of Geomancy

   Spells                             Type                      Level
   a - Sandblast                      Earth                        1
   b - Stoneskin                      Transmutation/Earth          2
   c - Passwall                       Transmutation/Earth          3
   d - Stone Arrow                    Conjuration/Earth            3
   e - Petrify                        Transmutation/Earth          4
   f - Lee's Rapid Deconstruction     Earth                        5
 e - a book of Hinderance

   Spells                             Type                      Level
   a - Confusing Touch                Hexes                        2
   b - Confuse                        Hexes                        3
   c - Petrify                        Transmutation/Earth          4
   d - Metabolic Englaciation         Hexes/Ice                    5
   e - Gell's Gravitas                Hexes/Translocation          5
   f - Summon Mana Viper              Hexes/Summoning              5
 j - a book of Minor Magic

   Spells                             Type                      Level
   a - Magic Dart                     Conjuration                  1
   b - Blink                          Translocation                2
   c - Call Imp                       Summoning                    2
   d - Repel Missiles                 Charms/Air                   2
   e - Slow                           Hexes                        2
   f - Conjure Flame                  Conjuration/Fire             3
   g - Mephitic Cloud                 Conjuration/Poison/Air       3
Comestibles
 a - 6 bread rations
 i - 6 meat rations
 n - 4 slices of pizza
 o - 13 royal jellies
 q - 3 chunks of flesh
 z - a beef jerky


   Skills:
 - Level 4.7 Fighting
 + Level 8.8 Maces & Flails
 - Level 4.7 Armour
 - Level 1.5 Dodging
 - Level 2.1 Stealth
 - Level 4.2 Spellcasting
 + Level 2.5 Conjurations
 - Level 6.1 Transmutations
 + Level 13.3 Earth Magic


You had 5 spell levels left.
You knew the following spells:

 Your Spells              Type           Power        Failure   Level  Hunger
a - Sandblast             Erth           ######       1%          1    None
b - Petrify               Trmt/Erth      #####...     10%         4    ####...
c - Lee's Rapid Deconstr  Erth           ######....   6%          5    ######.
d - Stone Arrow           Conj/Erth      #####.       8%          3    ###....


Dungeon Overview and Level Annotations

Branches:
Dungeon (11/15)            Temple (1/1) D:7             Orc (0/4) D:9
   Lair: D:8-11

Altars:
Ashenzari
Cheibriados
Dithmenos
Elyvilon
Fedhas
Gozag
Kikubaaqudgha
Makhleb
Nemelex Xobeh
Okawaru
Qazlal
Ru
Sif Muna
Trog
Vehumet
Xom
Yredelemnul
Zin
The Shining One
Beogh

Shops:
D:4 (}?


Innate Abilities, Weirdness & Mutations

You are resistant to torment.
You are immune to poison.
Your stone body is very resilient (AC +7).
You resist negative energy.
You are resistant to electric shocks.
You can survive without breathing.
You are immune to petrification.
You are immune to rotting.
You can spit poison.
Your muscles are strong. (Str +2)


Message History

The six-headed hydra bites you but does no damage.
You sock the six-headed hydra!
The six-headed hydra is almost dead.
The six-headed hydra bites you.
The six-headed hydra closely misses you.
The six-headed hydra bites you but does no damage. x3
The six-headed hydra bites you!
* * * LOW HITPOINT WARNING * * *
Casting: Stone Arrow
Confirm with . or Enter, or press ? or * to list all spells.
Aiming: Stone Arrow
Press: ? - help, Shift-Dir - straight line, f/p - six-headed hydra
Aim: a six-headed hydra (almost dead)
You miscast Stone Arrow.
You feel a strange surge of energy!
The six-headed hydra bites you but does no damage.
The six-headed hydra bites you!
* * * LOW HITPOINT WARNING * * *
The six-headed hydra bites you but does no damage.
The six-headed hydra barely misses you. The six-headed hydra bites you.
You die...

P...$.
.......
P......#
#......#
#......#
#..o...# ##+
##.....# #..
#.D...# #.#
#####@#.#.#
#.#
###...†)#.#
#.#
##...#####.#
#.# #..###
.#
#.#####.##
##
###.#.....#
#.....#####
..#.###
###.#


You could see a six-headed hydra and an orc wizard.

Vanquished Creatures
  Erolcha (D:7)
  Pikel (D:7)
  A hill giant (D:10)
  An ugly thing (D:11)
  Grinder (D:6)
  A two-headed ogre (D:10)
  Eustachio (D:5)
  12 yaks
  2 hungry ghosts
  A steam dragon (D:10)
  Edmund (D:6)
  4 ice beasts
  5 orc warriors
  3 phantoms
  4 sky beasts
  2 black bears (D:8)
  5 ogres
  3 centaurs
  Duvessa (D:7)
  A giant frog (D:6)
  2 big kobolds
  2 wyvern zombies
  A scorpion (D:8)
  4 wights (D:8)
  A quasit (D:5)
  3 electric eels (D:10)
  6 killer bees (D:11)
  4 crimson imps
  A goliath beetle (D:8)
  Dowan (D:7)
  6 hounds
  A giant frog zombie (D:10)
  6 giant frog skeletons
  3 gnoll shamans
  7 jellies
  A centaur zombie (D:3)
  4 iguanas
  8 orc priests
  9 orc wizards
  10 worker ants
  Natasha (twice) (D:5)
  Ijyb (D:2)
  3 hound skeletons
  A hound zombie (D:3)
  10 gnolls
  2 worker ant zombies
  16 adders
  4 giant mites
  A shadow imp (D:6)
  2 worms
  6 adder skeletons
  An adder zombie (D:3)
  7 giant geckos
  37 orcs
  3 bat skeletons (D:3)
  10 giant cockroaches
  18 hobgoblins
  8 jackals
  15 kobolds
  7 oozes
  2 ball pythons
  20 bats
  A giant cockroach zombie (D:3)
  6 giant newts
  A giant spore (D:9)
  20 goblins
  A jackal skeleton (D:8)
  A jackal zombie (D:6)
  8 quokkas
  3 quokka zombies
  19 rats
  5 ballistomycetes (D:9)
372 creatures vanquished.

Vanquished Creatures (others)
  A quasit (D:7)
  A bat (D:7)
  A quokka (D:7)
  A rat (D:7)
  7 fungi (D:11)
11 creatures vanquished.

Grand Total: 383 creatures vanquished

Notes
Turn   | Place    | Note
--------------------------------------------------------------
     0 | D:1      | Fluffy, the Gargoyle Earth Elementalist, began the quest for the Orb.
     0 | D:1      | Reached XP level 1. HP: 10/10 MP: 3/3
   504 | D:1      | Reached XP level 2. HP: 15/15 MP: 2/4
   517 | D:1      | Reached skill level 4 in Earth Magic
   813 | D:1      | Reached XP level 3. HP: 19/19 MP: 3/6
  1961 | D:2      | Reached XP level 4. HP: 21/24 MP: 3/9
  2255 | D:2      | Noticed Ijyb
  2279 | D:2      | Killed Ijyb
  2279 | D:2      | Reached skill level 5 in Earth Magic
  2945 | D:2      | Reached XP level 5. HP: 28/28 MP: 7/11
  3172 | D:3      | Found a snail-covered altar of Cheibriados.
  3642 | D:3      | Reached skill level 6 in Earth Magic
  3730 | D:3      | Reached XP level 6. HP: 32/32 MP: 12/15
  4575 | D:4      | Found Jeduy's Gadget Shoppe.
  4741 | D:4      | Reached skill level 7 in Earth Magic
  4887 | D:4      | Found Grieb's Antique Weapon Boutique.
  4917 | D:4      | Reached XP level 7. HP: 9/36 MP: 0/17
  5182 | D:4      | Reached skill level 8 in Earth Magic
  5373 | D:4      | Found Ineiteun's Magic Scroll Shop.
  5438 | D:4      | Reached skill level 9 in Earth Magic
  6209 | D:4      | Reached skill level 1 in Fighting
  6209 | D:4      | Reached skill level 1 in Maces & Flails
  6209 | D:4      | Reached skill level 1 in Armour
  6364 | D:5      | Entered Level 5 of the Dungeon
  6364 | D:5      | Found an opulent altar of Gozag.
  6518 | D:5      | Reached XP level 8. HP: 30/44 MP: 4/18
  7201 | D:5      | Noticed Natasha
  7205 | D:5      | Killed Natasha
  7434 | D:5      | Noticed Eustachio
  7444 | D:5      | Killed Eustachio
  7671 | D:5      | Found a bloodstained altar of Trog.
  7697 | D:5      | Noticed Natasha
  7706 | D:5      | Killed Natasha
  7767 | D:6      | Reached skill level 10 in Earth Magic
  7920 | D:6      | Noticed Grinder
  7961 | D:6      | Killed Grinder
  7961 | D:6      | Reached XP level 9. HP: 47/52 MP: 16/20
  8179 | D:6      | Noticed Edmund
  8203 | D:6      | Killed Edmund
  8654 | D:6      | Learned a level 4 spell: Petrify
  8660 | D:6      | Learned a level 5 spell: Lee's Rapid Deconstruction
  8721 | D:6      | Reached skill level 1 in Transmutations
  9141 | D:6      | Found a stormy altar of Qazlal.
  9307 | D:6      | Learned a level 3 spell: Stone Arrow
  9542 | D:7      | Noticed Dowan
  9544 | D:7      | Noticed Duvessa
  9559 | D:7      | Killed Dowan
  9580 | D:7      | Killed Duvessa
  9733 | D:7      | Got a slimy leather armour
  9744 | D:7      | Identified the cursed -6 leather armour of Kutyr {+Blink rCorr MP+9 SInv Stlth-} (You found it on level 7 of the Dungeon)
  9822 | D:7      | Reached skill level 11 in Earth Magic
  9823 | D:7      | Reached skill level 5 in Maces & Flails
 10101 | D:7      | Found a staircase to the Ecumenical Temple.
 10107 | Temple   | Entered the Ecumenical Temple
 10272 | D:7      | Noticed Pikel
 10292 | D:7      | Killed Pikel
 10292 | D:7      | Reached XP level 10. HP: 53/58 MP: 1/21
 10883 | D:8      | Noticed Erolcha
 11015 | D:7      | Killed Erolcha
 12186 | D:8      | Reached skill level 12 in Earth Magic
 13050 | D:9      | Found a glowing silver altar of Zin.
 13098 | D:9      | Gained mutation: Your muscles are strong. (Str +2) [potion of beneficial mutation]
 13099 | D:9      | Gained mutation: You can spit poison. [potion of beneficial mutation]
 13121 | D:9      | Found a roughly hewn altar of Beogh.
 13779 | D:8      | Reached skill level 5 in Transmutations
 14209 | D:9      | Found a staircase to the Orcish Mines.
 14434 | D:9      | Found a shattered altar of Ashenzari.
 14452 | D:9      | Became a worshipper of Ashenzari the Shackled
 14682 | D:10     | Entered Level 10 of the Dungeon
 14833 | D:10     | Noticed a hill giant
 14841 | D:10     | Reached XP level 11. HP: 62/62 MP: 11/22
 14846 | D:10     | Killed a hill giant
 15029 | D:10     | Found an iron altar of Okawaru.
 15062 | D:10     | Found a radiant altar of Vehumet.
 15736 | D:10     | Upgraded the game from 0.16.1-7-g2c6721e to 0.16.1-11-g651b585
 16110 | D:11     | Reached skill level 13 in Earth Magic
 16232 | D:11     | Found a glowing silver altar of Zin.
 16240 | D:11     | Identified a scroll of acquirement
 16241 | D:11     | Got the cursed buckler "Rikosku" {rN+}
 16247 | D:11     | Identified the cursed +1 buckler "Rikosku" {rN+} (You acquired it on level 11 of the Dungeon)
 16282 | D:11     | Reached skill level 1 in Conjurations
 16495 | D:11     | Noticed a six-headed hydra
 16506 | D:11     | Slain by a six-headed hydra

Action                   |  1- 3 |  4- 6 |  7- 9 | 10-12 || total
-------------------------+-------+-------+-------+-------++-------
Melee: Unarmed           |    11 |       |       |       ||    11
       Spear             |    53 |    22 |       |       ||    75
       Whip              |       |     8 |    88 |       ||    96
       Flail             |       |       |    99 |   117 ||   216
       Morningstar       |       |       |       |   288 ||   288
Throw: Stone             |    19 |       |    14 |       ||    33
 Cast: Sandblast         |    61 |   209 |   325 |    33 ||   628
       Stone Arrow       |       |       |    27 |    90 ||   117
       Lee's Rapid Decon |       |       |     4 |    19 ||    23
       Petrify           |       |       |     4 |     2 ||     6
 Abil: Spit Poison       |       |       |       |     2 ||     2
  Use: Scroll            |       |       |    10 |    12 ||    22
       Potion            |       |       |       |     2 ||     2
 Stab: Sleeping          |       |     1 |       |     1 ||     2
       Distracted        |       |       |       |     1 ||     1
  Eat: Chunk             |     3 |    10 |    21 |    30 ||    64
       Fruit             |       |       |       |     1 ||     1
       Pizza             |       |       |       |     1 ||     1
       Beef jerky        |       |       |       |     1 ||     1
